[Event "TUR-ch Veterans 2020"]
[Site "Antalya-Belek"]
[Date "2020.01.24"]
[Round "8"]
[White "Yildiz, Mustafa"]
[Black "Hatipoglu, Metin"]
[Result "0-1"]
[ECO "B41"]
[WhiteElo "1693"]
[BlackElo "1570"]
[Annotator "NA RC"]
[PlyCount "100"]
[EventDate "2020.01.19"]
[EventCountry "TUR"]
[SourceTitle "playchess.com"]
[Source "ChessBase"]
[SourceQuality "1"]
[TimeControl "5400+30"]

1. e4 c5 2. Nf3 e6 3. d4 cxd4 4. Nxd4 a6 5. c4 Qc7 6. Bd3 d6 7. O-O Nd7 8. Nf3 Ngf6 9. Be3 b6 10. Nc3 Bb7 11. Qc2 Nc5 12. Bxc5 bxc5 13. Qe2 Nd7 14. Rfe1 Rb8 15. Rac1 Be7 16. h3 O-O 17. Bb1 Bf6 18. Nd1 Ne5 19. Ne3 Nxf3+ 20. gxf3 Bc6 21. b3 a5 22. Qd3 g6 23. Ng4 Bg5 24. Rcd1 Rfd8 25. Qc3 e5 26. Kg2 Bb7 27. Rh1 h5 28. Ne3 Ra8 29. h4 Bf6 30. Rdg1 Qe7 31. Kf1 Kf8 32. Ng2 Rdb8 33. Qe3 a4 34. f4 axb3 35. fxe5 bxa2 36. Bxa2 Rxa2 37. exf6 Qxf6 38. Nf4 Bc6 39. Rg5 Ra1+ 40. Kg2 Rxh1 41. Kxh1 Re8 42. Nd5 Bxd5 43. cxd5 c4 44. f4 Qb2 45. Rg1 c3 46. f5 Qd2 47. Qg3 Rxe4 48. fxg6 Qxd5 49. Kh2 Re2+ 50. Rg2 Qxg2+ 0-1

[Event "TUR-ch Veterans 2020"]
[Site "Antalya-Belek"]
[Date "2020.01.24"]
[Round "8"]
[White "Bapoglu, Ibrahim"]
[Black "Oney, Riza"]
[Result "0-1"]
[ECO "B58"]
[WhiteElo "1576"]
[BlackElo "1771"]
[Annotator "NA RC"]
[PlyCount "130"]
[EventDate "2020.01.19"]
[EventCountry "TUR"]
[SourceTitle "playchess.com"]
[Source "ChessBase"]
[SourceQuality "1"]
[TimeControl "5400+30"]

1. e4 c5 2. Nf3 Nc6 3. d4 cxd4 4. Nxd4 Nf6 5. Nc3 e5 6. Nf3 d6 7. Be2 Be7 8. O-O O-O 9. h3 Be6 10. Ng5 Nd4 11. Nxe6 fxe6 12. Bc4 d5 13. exd5 exd5 14. Bb3 Nxb3 15. axb3 d4 16. Nb1 a6 17. Qe2 Bd6 18. Nd2 Rc8 19. Ne4 Nxe4 20. Qxe4 Qc7 21. c4 dxc3 22. bxc3 Qxc3 23. Qd5+ Kh8 24. Be3 Qc6 25. Rad1 Qxd5 26. Rxd5 Rc6 27. Rfd1 Bc7 28. b4 h6 29. b5 axb5 30. Rxb5 b6 31. g3 Kg8 32. Rc1 Rxc1+ 33. Bxc1 Ra8 34. Bd2 Kf7 35. Kg2 Ke6 36. Kf3 Rd8 37. Be3 Rd5 38. Rb3 b5 39. g4 Bd6 40. h4 b4 41. Ke4 Ra5 42. Rb1 Ra4 43. Rb3 Ra3 44. Rb2 b3 45. f3 Be7 46. g5 hxg5 47. hxg5 g6 48. Kd3 Kf5 49. Kc4 Bxg5 50. Bc5 Ra4+ 51. Kxb3 Rf4 52. Rf2 Bh4 53. Rf1 e4 54. fxe4+ Kxe4 55. Rxf4+ Kxf4 56. Kc2 Kf3 57. Kd1 Bf6 58. Ke1 g5 59. Kf1 g4 60. Bd6 Bh4 61. Bc7 Bg3 62. Bxg3 Kxg3 63. Kg1 Kh3 64. Kh1 g3 65. Kg1 g2 0-1

[Event "TUR-ch Veterans 2020"]
[Site "Antalya-Belek"]
[Date "2020.01.24"]
[Round "8"]
[White "Yilmaz, Huseyin"]
[Black "Topaloglu, Hayati"]
[Result "0-1"]
[ECO "D51"]
[WhiteElo "1280"]
[BlackElo "1750"]
[Annotator "NA RC"]
[PlyCount "56"]
[EventDate "2020.01.19"]
[EventCountry "TUR"]
[SourceTitle "playchess.com"]
[Source "ChessBase"]
[SourceQuality "1"]
[TimeControl "5400+30"]

1. d4 d5 2. Nf3 Nf6 3. c4 c6 4. Nc3 e6 5. Bg5 Nbd7 6. e4 dxe4 7. Nxe4 Be7 8. Bd3 h6 9. Bxf6 Nxf6 10. O-O b6 11. Qe2 Bb7 12. Rad1 O-O 13. Nxf6+ Bxf6 14. Qe4 g6 15. Qg4 Kg7 16. Ne5 Bxe5 17. dxe5 Qe7 18. f4 f5 19. exf6+ Rxf6 20. f5 exf5 21. Bxf5 Rd8 22. Rxd8 Qxd8 23. Rd1 Qe8 24. Rd7+ Kf8 25. Qh4 Qe3+ 26. Qf2 Qxf2+ 27. Kxf2 Rxf5+ 28. Ke3 Rf7 0-1

[Event "TUR-ch Veterans 2020"]
[Site "Antalya-Belek"]
[Date "2020.01.25"]
[Round "9"]
[White "Pekun, Cem"]
[Black "Muratoglu, Salih"]
[Result "1-0"]
[ECO "B00"]
[WhiteElo "2061"]
[BlackElo "1967"]
[Annotator "NA RC"]
[PlyCount "27"]
[EventDate "2020.01.19"]
[EventCountry "TUR"]
[SourceTitle "playchess.com"]
[Source "ChessBase"]
[SourceQuality "1"]
[TimeControl "5400+30"]

1. e4 d6 2. d4 Nf6 3. Nc3 Nc6 4. Nf3 g6 5. h3 Bg7 6. Be3 a6 7. a4 Bd7 8. Be2 e5 9. dxe5 dxe5 10. O-O O-O 11. Qd2 Qe7 12. Bg5 Rfd8 $2 (12... Be6 $11 {and Black has nothing to worry.}) 13. Nd5 {[%emt 0:01:30] Double Attack} Qd6 $2 (13... Qe6) 14. Nxf6+ $18 1-0

[Event "TUR-ch Veterans 2020"]
[Site "Antalya-Belek"]
[Date "2020.01.25"]
[Round "9"]
[White "Cetinkaya, Vedat Ali"]
[Black "Ozturk, Ali"]
[Result "1-0"]
[ECO "D47"]
[WhiteElo "2026"]
[BlackElo "1560"]
[Annotator "NA RC"]
[PlyCount "47"]
[EventDate "2020.01.19"]
[EventCountry "TUR"]
[SourceTitle "playchess.com"]
[Source "ChessBase"]
[SourceQuality "1"]
[TimeControl "5400+30"]

1. d4 Nf6 2. c4 e6 3. e3 d5 4. Nf3 Be7 5. Nc3 O-O 6. Bd3 c6 7. O-O dxc4 8. Bxc4 b5 9. Bd3 Bb7 10. e4 b4 11. Na4 Nbd7 12. Qe2 {[%emt 0:09:30] D47: Semi-Slav: Meran System} (12. Qc2 h6 13. e5 Nd5 14. Qe2 Re8 15. Qe4 Nf8 16. Qg4 Kh8 17. Re1 f5 18. exf6 Nxf6 19. Qh3 c5 20. Ne5 Qxd4 21. Bxh6 gxh6 22. Qxh6+ N6h7 23. Bxh7 Nxh7 24. Rad1 {1-0 (24) Cheng,B (2529)-Maung,M (2274) Adelaide 2019}) 12... c5 13. e5 Nd5 14. Nxc5 Nxc5 15. dxc5 Rc8 (15... Qc7 $14) 16. Qe4 f5 $2 $146 ({Predecessor:} 16... g6 $16 {is more resistant.} 17. Bh6 Re8 18. Bb5 Bc6 19. Ba6 Rc7 {1-0 (46) Baymuratova,S (2119)-Orazmukhammedova,M (1928) Tashkent 2019}) 17. exf6 $1 {[%emt 0:00:30] Discovered Attack} Bxf6 18. Qxh7+ Kf7 19. Bg5 Bxg5 20. Qh5+ Ke7 21. Qxg5+ {[%emt 0:00:30] Double Attack} Kf7 22. Qh5+ $18 (22. Qg6+ $142 Ke7 23. Ng5) 22... Ke7 23. Ne5 Nf4 24. Qg5+ 1-0

[Event "TUR-ch Veterans 2020"]
[Site "Antalya-Belek"]
[Date "2020.01.25"]
[Round "9"]
[White "Yasin, Hur"]
[Black "Guner, Bulent"]
[Result "0-1"]
[ECO "C54"]
[WhiteElo "1936"]
[BlackElo "1964"]
[Annotator "NA RC"]
[PlyCount "88"]
[EventDate "2020.01.19"]
[EventCountry "TUR"]
[SourceTitle "playchess.com"]
[Source "ChessBase"]
[SourceQuality "1"]
[TimeControl "5400+30"]

1. e4 e5 2. Bc4 Nc6 3. Nf3 Bc5 4. c3 Nf6 5. d3 a6 6. O-O Ba7 7. Re1 {[%emt 0:01:00] C54: Giuoco Piano: 4 c3 Nf6, main lines with 5 d4 and 5 d3} d6 8. Bg5 (8. Bb3 h6 9. Nbd2 g5 10. Nf1 g4 11. N3d2 h5 12. Nc4 h4 13. Be3 g3 14. Bxa7 gxh2+ 15. Nxh2 Nxa7 16. d4 {1-0 (57) Adams,M (2701)-McShane,L (2677) London 2019}) 8... h6 9. Bh4 g5 10. Bg3 Qe7 11. Nbd2 Be6 $146 ({Predecessor:} 11... h5 12. h4 g4 13. Nh2 Be6 14. Nhf1 O-O-O {1-0 (42) Yudin,S (2530)-Praggnanandhaa,R (2368) Voronezh 2016}) 12. d4 Bxc4 13. Nxc4 O-O-O 14. d5 ({Much worse is} 14. dxe5 $6 dxe5 15. Qe2 Nd7 $11) ({Better is} 14. b4 $16) 14... Nb8 $1 15. Nfd2 h5 16. h3 h4 17. Bh2 g4 18. hxg4 Rdg8 19. Ne3 Bxe3 $1 20. Rxe3 Rxg4 ({Don't take} 20... Nxg4 21. Rh3 $17) 21. f3 Rg6 22. Nf1 Nh5 23. Re2 Ng3 24. Rc2 Nxf1 (24... Nd7 $19 25. Ne3 Qg5) 25. Kxf1 Nd7 26. b4 Rhg8 27. a4 {[%emt 0:00:11] [#]} Nf6 ({Black should try} 27... f5 $1 $17 28. exf5 Rg5) 28. c4 {[%emt 0:00:23] [#]} (28. a5 $17) 28... Nh5 $1 29. Raa2 Ng3+ 30. Ke1 f5 31. exf5 Nxf5 32. Qd3 Qf6 33. Bg1 (33. Rf2 $142) 33... Rg3 34. Bh2 R3g7 $2 (34... h3 35. Bxg3 Rxg3 36. gxh3 Rg1+ 37. Kd2 {[#]} Nd4 $1 ) 35. c5 $2 {[%emt 0:00:31] [#]} (35. Rf2) 35... Nd4 (35... h3 $142 $1 36. g4 {[#]} (36. gxh3 Qh4+) 36... e4 $1 37. fxe4 Rxg4) 36. Rf2 Qg6 37. Qd1 $2 ({White has to play} 37. Qxg6 $15 Rxg6 38. Kf1) 37... Qf7 38. Rad2 Qxd5 39. cxd6 cxd6 40. Qb1 Kb8 41. Kf1 $2 (41. Qe4 Qxe4+ 42. fxe4) 41... Rc8 42. Qe1 Rgc7 43. Kg1 Rc1 44. Rd1 Nxf3+ 0-1

[Event "TUR-ch Veterans 2020"]
[Site "Antalya-Belek"]
[Date "2020.01.25"]
[Round "9"]
[White "Tasan, Mehmet Askin"]
[Black "Ozates, Veysel"]
[Result "1-0"]
[ECO "D17"]
[WhiteElo "1877"]
[BlackElo "1617"]
[Annotator "NA RC"]
[PlyCount "53"]
[EventDate "2020.01.19"]
[EventCountry "TUR"]
[SourceTitle "playchess.com"]
[Source "ChessBase"]
[SourceQuality "1"]
[TimeControl "5400+30"]

1. Nf3 d5 2. d4 Nf6 3. c4 c6 4. Nc3 dxc4 5. a4 Bf5 6. Ne5 e6 7. Nxc4 Nbd7 8. g3 Be7 {[%emt 0:01:30] D17: Slav Defence: 5 a4 Bf5: Lines with 6 Nh4 and 6 Ne5} (8... Nb6 9. Ne3 Bg6 10. a5 Nbd5 11. a6 Bb4 12. Nexd5 Qxd5 13. axb7 Rb8 14. Qa4 Rxb7 15. Qxb4 Rxb4 16. Nxd5 cxd5 17. Rxa7 {½-½ (43) Harikrishna,P (2650)-Miton,K (2653) Torrelavega 2007}) 9. Bg2 Qc7 $146 ({Predecessor:} 9... O-O 10. e4 Bg6 11. O-O Rc8 12. Be3 Bb4 13. f3 a5 14. Na2 Nb6 15. Nxb6 Qxb6 16. Nxb4 Qxb4 {1-0 (34) Schmidt,W (2332)-Niedbal,P (1801) Police 2015}) 10. O-O e5 11. dxe5 Nxe5 12. Bf4 Nfd7 {[%emt 0:00:30] [#]} 13. Qd4 ({Better is} 13. Rc1 $1 $18) 13... f6 14. Rfd1 O-O 15. Nxe5 Nxe5 16. a5 Rfd8 17. Qa4 Rxd1+ 18. Rxd1 Bc5 ({Black should try} 18... Kh8 $14) 19. a6 b5 {[%emt 0:03:30] [#]} 20. Nxb5 $1 {[%emt 0:03:30] Pin} Qb6 ({Don't blunder} 20... cxb5 $2 21. Qa2+ Kf8 22. Bxa8 $18) 21. Nd4 Bg6 22. e3 $18 ({Less strong is} 22. Bxc6 Rd8 $11) ({Don't take} 22. Nxc6 $6 Nxc6 23. Bxc6 Rc8 $18) 22... Rc8 23. Bxe5 fxe5 24. Nxc6 Be8 25. Qc4+ Bf7 26. Ne7+ Kf8 27. Nxc8 1-0

[Event "TUR-ch Veterans 2020"]
[Site "Antalya-Belek"]
[Date "2020.01.25"]
[Round "9"]
[White "Ozmen, Halil Nejat"]
[Black "Kocak, Sabri"]
[Result "1/2-1/2"]
[ECO "A45"]
[WhiteElo "1789"]
[BlackElo "2086"]
[Annotator "NA RC"]
[PlyCount "82"]
[EventDate "2020.01.19"]
[EventCountry "TUR"]
[SourceTitle "playchess.com"]
[Source "ChessBase"]
[SourceQuality "1"]
[TimeControl "5400+30"]

1. d4 Nf6 2. Bg5 Ne4 3. Bh4 c5 4. Nd2 Qa5 (4... Nxd2 5. Qxd2 cxd4 6. Nf3 Nc6 7. Nxd4 Qb6 8. O-O-O Nxd4 9. Qxd4 Qxd4 10. Rxd4 e5 11. Rd3 d6 12. e3 {½-½ (22) Ivanchuk,V (2726)-Areshchenko,A (2655) Lvov 2014}) 5. c3 Nxd2 6. Qxd2 {[%emt 0:00:30] A45: Trompowsky Attack} cxd4 7. cxd4 Qxd2+ 8. Kxd2 e6 9. a3 d5 $146 ({Predecessor:} 9... Nc6 10. e3 b6 11. b4 Bb7 12. Bg3 {1-0 (86) Mamedyarov,S (2595)-Romero Holmes,A (2544) Benidorm 2003}) 10. e3 Bd7 11. Nf3 f6 12. Bd3 Nc6 13. Rhc1 Be7 14. Rc3 O-O 15. Rac1 Bd8 16. Ke2 Bb6 17. Bg3 Rfe8 18. Bb1 Rad8 19. Ba2 Bc8 20. b4 a6 21. Kf1 g5 22. h3 Kg7 23. Bb3 h5 24. Ba4 Bd7 25. Bxc6 bxc6 26. Rxc6 Rc8 27. Rxc8 Rxc8 28. Rxc8 Bxc8 29. Bd6 Kf7 30. Ke2 Ke8 31. Kd3 (31. h4 $16) 31... Bd7 32. g3 Bb5+ 33. Kc3 Kd7 34. Bc5 Bc7 35. h4 Be2 36. Ne1 gxh4 37. gxh4 f5 38. Kd2 Bg4 (38... Bb5 $14) 39. f3 Bh3 40. Nd3 Bg3 $16 41. Nf4 Bxf4 1/2-1/2

[Event "TUR-ch Veterans 2020"]
[Site "Antalya-Belek"]
[Date "2020.01.25"]
[Round "9"]
[White "Oney, Riza"]
[Black "Tozaki, Halil"]
[Result "0-1"]
[ECO "A36"]
[WhiteElo "1771"]
[BlackElo "1880"]
[Annotator "NA RC"]
[PlyCount "84"]
[EventDate "2020.01.19"]
[EventCountry "TUR"]
[SourceTitle "playchess.com"]
[Source "ChessBase"]
[SourceQuality "1"]
[TimeControl "5400+30"]

1. c4 c5 2. Nc3 Nf6 3. g3 Nc6 4. Bg2 g6 5. e3 Bg7 6. Nge2 d6 7. d3 O-O 8. O-O Rb8 {[%emt 0:02:00] A36: Symmetrical English vs ...g6: 4 Bg2 Bg7} (8... Bd7 9. h3 a6 10. b3 Rb8 11. Bb2 b5 12. Qd2 Qa5 13. Rfd1 Rfc8 14. Kh2 e6 15. f4 h5 16. Bf3 e5 17. Bg2 {½-½ (51) Alekseev,E (2620)-Rakhmanov,A (2645) Moscow 2019}) 9. Qd2 $146 ({Predecessor:} 9. a3 Bf5 10. h3 e5 11. Rb1 Qd7 12. Kh2 a6 13. f4 Be6 14. Nd5 exf4 15. gxf4 Nh5 16. b4 {0-1 (33) Basso,P (2322)-Hansen,T (2476) Oslo 2014}) 9... Bd7 10. Rb1 a6 11. Nf4 Bf5 12. b3 e5 13. Nfd5 Nxd5 14. Nxd5 a5 15. a3 Be6 16. Bb2 f5 17. f4 Bf7 18. Bc3 Kh8 19. Rbe1 b5 20. e4 b4 21. axb4 axb4 22. Bb2 Nd4 23. Bxd4 exd4 24. exf5 gxf5 25. Ne7 Be8 26. Qe2 Rf6 27. Nd5 Rf8 28. Ne7 Rf6 $1 29. Ra1 Bd7 30. Nc6 Qe8 31. Nxb8 Qxe2 32. Rfe1 {[%emt 0:00:30] [#]} Qxd3 $2 ({Black should play} 32... Qxe1+ $1 $14 33. Rxe1 Re6) 33. Nxd7 Rf8 34. Nxf8 Bxf8 35. Ra8 Kg7 36. Ree8 Qxb3 37. Ra7+ Kf6 38. Rxf8+ Kg6 39. Rg8+ Kh6 40. h3 Qxc4 41. Rg5 (41. Rgg7 $142 Qc1+ 42. Kh2) 41... d3 42. Rag7 Qd4+ $19 0-1

[Event "TUR-ch Veterans 2020"]
[Site "Antalya-Belek"]
[Date "2020.01.25"]
[Round "9"]
[White "Topaloglu, Hayati"]
[Black "Yuksel, Mustafa"]
[Result "0-1"]
[ECO "B07"]
[WhiteElo "1750"]
[BlackElo "2004"]
[Annotator "NA RC"]
[PlyCount "112"]
[EventDate "2020.01.19"]
[EventCountry "TUR"]
[SourceTitle "playchess.com"]
[Source "ChessBase"]
[SourceQuality "1"]
[TimeControl "5400+30"]

1. e4 g6 2. d4 Bg7 3. Nf3 d6 4. Bc4 c6 5. c3 Nf6 6. Nbd2 O-O 7. O-O d5 {[%emt 0:01:30] B07: Pirc Defence: Miscellaneous Systems} 8. e5 $146 ({Predecessor:} 8. Bd3 b6 9. e5 Ne8 10. Qe2 Nc7 11. Re1 Ba6 12. Bxa6 Nbxa6 13. Nf1 b5 14. h4 Ne6 15. Ng5 {½-½ (52) Koellner,R (2274)-Kaufhold,T (2075) Muenster 2018}) 8... dxc4 9. exf6 exf6 10. Nxc4 Be6 11. Ne3 Qb6 12. b3 a5 13. Nd2 Na6 14. a4 Rfd8 15. Bb2 (15. Ndc4 $11 {keeps the balance.} Qc7 16. Bd2) 15... c5 16. Ndc4 Bxc4 17. Nxc4 Qc6 18. Nxa5 Qc7 19. Nc4 cxd4 20. cxd4 Nb4 21. Qd2 Nd5 22. Rac1 Qd7 23. Rfd1 b5 24. axb5 Qxb5 25. Qd3 Rab8 26. Ne3 Qxb3 27. Qxb3 Rxb3 28. Nxd5 Rxb2 29. Ne3 f5 30. d5 Bh6 31. Rc2 Rb5 32. d6 Bxe3 33. fxe3 Rb6 34. d7 Kf8 35. Kf2 Ke7 36. Rcd2 Rb7 37. Kf3 Rbxd7 38. Rxd7+ Rxd7 39. Rxd7+ Kxd7 40. Kf4 f6 41. e4 fxe4 42. Kxe4 Ke6 43. h4 h6 44. Kf4 f5 45. g3 {[%emt 0:02:30] [#]} Kf6 $1 46. Kf3 Ke5 47. Ke3 g5 48. hxg5 hxg5 49. Kf3 Kd4 50. Kf2 Ke4 51. Ke2 g4 52. Kf2 Kd3 53. Kf1 Ke3 54. Kg2 Ke2 55. Kg1 Kf3 56. Kh2 Kf2 $19 0-1

[Event "TUR-ch Veterans 2020"]
[Site "Antalya-Belek"]
[Date "2020.01.25"]
[Round "9"]
[White "Sayman, Tevfik"]
[Black "Buker, Muhittin"]
[Result "1/2-1/2"]
[ECO "C59"]
[WhiteElo "1654"]
[BlackElo "2008"]
[Annotator "NA RC"]
[PlyCount "149"]
[EventDate "2020.01.19"]
[EventCountry "TUR"]
[SourceTitle "playchess.com"]
[Source "ChessBase"]
[SourceQuality "1"]
[TimeControl "5400+30"]

1. e4 e5 2. Nf3 Nc6 3. Bc4 Nf6 4. Ng5 d5 5. exd5 Na5 6. Bb5+ c6 7. dxc6 bxc6 8. Be2 h6 9. Nf3 e4 10. Ne5 Bd6 11. d4 exd3 12. Nxd3 Qc7 13. h3 O-O 14. O-O Re8 {[%emt 0:00:30] C59: Two Knights: 4 Ng5 d5 5 exd5 Na5 5 Bb5+ c6 6 dxc6 bxc6 7 Be2} (14... c5 15. b3 c4 16. bxc4 Nxc4 17. Nd2 Nxd2 18. Bxd2 Bf5 19. Bf3 Rac8 20. Re1 Rfd8 21. a4 Qxc2 22. Nb4 Qb2 {0-1 (30) Zeng,C (2535)-Harikrishna,P (2729) China 2018}) 15. Nc3 Ba6 16. Re1 Rad8 17. Bf3 $146 ({Predecessor:} 17. Bf1 c5 18. Rxe8+ Rxe8 19. Bd2 Nc4 20. Kh1 {½-½ (40) Kottcamp,J (1723)-Maser,T (1979) San Francisco 2013}) 17... Rxe1+ 18. Qxe1 Nb7 (18... Re8 $11 {remains equal.} 19. Qd1 c5) 19. Ne4 Be7 (19... Nxe4 $16 20. Bxe4 (20. Qxe4 Bh2+ 21. Kh1 Bxd3 $14) 20... c5) 20. Bf4 Qb6 (20... Qc8 {was worth a try.} 21. Nxf6+ Bxf6) 21. Rd1 Nd5 22. Be3 (22. Bg3 $18) 22... Nxe3 23. Qxe3 c5 (23... Bxd3 $14 24. Qxb6 (24. cxd3 Nc5 $14) (24. Rxd3 Qxb2 25. Qxa7 Bf8 $16) 24... axb6 25. cxd3 (25. Rxd3 Rxd3 26. cxd3 Nd8 $14) 25... Na5) 24. b3 Qa5 {[%emt 0:01:30] [#]} (24... c4 $16) 25. a4 (25. c4 $1 $18 {has better winning chances.}) 25... c4 26. Nb2 Rxd1+ 27. Bxd1 cxb3 28. cxb3 Nc5 {[%emt 0:00:30] [#]} 29. Nc4 ({White has to play} 29. Nf6+ $1 $16 gxf6 (29... Bxf6 30. Qe8+) 30. Qxe7 {[%mdl 64] Double Attack}) 29... Qd8 30. Bc2 Qc7 {[%emt 0:07:30] [#]} (30... Bxc4 $14 31. bxc4 Nxe4 32. Qxe4 g6) 31. Nxc5 (31. Nf6+ $1 $18 Kf8 32. Nd5) 31... Qxc5 32. Qxc5 $14 {[%emt 0:03:30] stays ahead.} (32. Ne5 $2 ) 32... Bxc5 33. Ne5 (33. Be4) 33... Bb7 34. Bd3 Bd4 35. Nc4 Kf8 36. Nd6 Bc6 37. Bc4 f6 38. Kf1 Bc5 39. Nf5 Bd7 40. Ne3 Ke7 41. Ke2 f5 42. Nd5+ Kd6 43. b4 Bd4 44. a5 g5 45. f3 Ke5 46. Kd3 Bf2 47. b5 Kd6 48. b6 axb6 49. Nxb6 Bc6 50. Nc8+ Kd7 51. Nb6+ Kc7 52. Nd5+ Kd6 53. Ne3 Ke5 54. Ke2 Bg1 55. g3 $2 (55. Bd3 $16) 55... Kd4 56. Nxf5+ Kxc4 57. Nxh6 Bd5 58. Nf5 Be6 59. Ne3+ (59. Nd6+ $142 Kc5 60. Ne4+ Kd4 61. Nxg5 Bc4+ 62. Kd1) 59... Kb5 60. h4 gxh4 61. gxh4 Bf7 62. f4 Kxa5 63. Kf3 Bh5+ 64. Ke4 Bf2 65. Ng2 Kb5 66. f5 Kc6 67. Nf4 Bd1 68. h5 Kd6 69. h6 Bc2+ 70. Kf3 Bd4 71. Kg4 Ke5 72. Kg5 Bxf5 $11 ({Not} 72... Be3 $2 73. h7 $18) 73. Ng6+ Ke6 74. h7 Bf6+ 75. Kh6 1/2-1/2

[Event "TUR-ch Veterans 2020"]
[Site "Antalya-Belek"]
[Date "2020.01.25"]
[Round "9"]
[White "Hatipoglu, Metin"]
[Black "Tofan, Ibrahim"]
[Result "0-1"]
[ECO "A34"]
[WhiteElo "1570"]
[BlackElo "2082"]
[Annotator "NA RC"]
[PlyCount "116"]
[EventDate "2020.01.19"]
[EventCountry "TUR"]
[SourceTitle "playchess.com"]
[Source "ChessBase"]
[SourceQuality "1"]
[TimeControl "5400+30"]

1. e4 d6 2. c4 Nf6 3. Nc3 c5 4. Nge2 e5 (4... Qa5 5. g3 h5 6. h3 Nc6 7. Bg2 Nd4 8. O-O h4 9. g4 Nxg4 10. hxg4 h3 11. Bh1 h2+ 12. Kg2 Bxg4 {1-0 (66) Liang,J (2455)-Liu,Q (2503) Beijing 2017}) 5. d3 Nc6 6. h3 {[%emt 0:03:30] A34: Symmetrical English: 2 Nc3, lines with ...d5} Be6 7. Bg5 $146 ({Predecessor:} 7. f4 g6 8. g4 exf4 9. Bxf4 Ne5 10. Bg2 Bg7 11. Qd2 a6 12. O-O O-O 13. g5 {0-1 (13) Kabajyan,K-Nikolishvili,Z (2150) Tbilisi 2002}) 7... Be7 8. Qd2 h6 9. Bxf6 Bxf6 10. Nd5 Bg5 11. Qc2 Bxd5 12. exd5 Qa5+ 13. Nc3 (13. Qc3 $11 {remains equal.} Nb4 14. Kd1) 13... Nd4 14. Qd1 b5 15. cxb5 Nxb5 16. Qa4 Qxa4 17. Nxa4 Nd4 18. Kd1 f5 19. h4 Bf6 20. g3 Rb8 21. Rb1 O-O 22. Bg2 Rb4 23. b3 Nb5 24. Rc1 e4 25. dxe4 fxe4 26. Ke2 Nc7 (26... Nd4+ $142 27. Ke3 {[#]} Nxb3 $1 28. axb3 Rxb3+ 29. Kd2 Bd4) 27. Rhd1 Bd4 28. f3 (28. Rf1 $17 {was necessary.}) 28... Nxd5 29. f4 Ne3 30. Rxd4 cxd4 31. Bxe4 $1 $11 {[%emt 0:00:34] remains equal.} Nf5 32. Kf3 {[%emt 0:01:20] [#]} Ne3 ({Black should play} 32... g5 $1 $17 33. hxg5 (33. fxg5 hxg5) 33... hxg5) 33. h5 d5 34. Bg6 {[%emt 0:00:42] [#]} Nc4 $1 35. Nc5 Ne5+ 36. Kg2 Nxg6 37. hxg6 Rc8 38. Re1 Rbb8 ({Better is} 38... Rb6 $19 {has better winning chances.} 39. Re5 Rxg6 40. Rxd5 Rb6) 39. Nd7 {[%emt 0:00:44] [#]} (39. Ne6 $142) 39... Rb7 ({Better is} 39... Rc2+ $1 $19 40. Kf3 Rbc8) 40. Nc5 Rb5 $2 {[%emt 0:02:15] [#]} 41. Nd3 (41. b4 $1 $15 ) 41... Rc2+ 42. Kf3 {[%emt 0:00:56] [#]} (42. Kh3 $17 {was necessary.} Kf8 43. b4) 42... Kf8 $1 43. Ne5 Rb7 44. Rd1 Rxa2 45. Rxd4 Rxb3+ 46. Kg4 Rb5 47. Kf5 Ra6 48. Nd3 Rf6+ 49. Ke5 Rxg6 50. Nb4 Rxg3 51. Nxd5 Re3+ 52. Kd6 Re1 53. f5 Kf7 54. Rc4 Rxd5+ 55. Kxd5 Kf6 56. Ra4 $19 a5 57. Kd6 Re5 58. Rg4 Rxf5 0-1

[Event "TUR-ch Veterans 2020"]
[Site "Antalya-Belek"]
[Date "2020.01.25"]
[Round "9"]
[White "Atas, Remzi"]
[Black "Bapoglu, Ibrahim"]
[Result "0-1"]
[ECO "D38"]
[WhiteElo "1498"]
[BlackElo "1576"]
[Annotator "NA RC"]
[PlyCount "182"]
[EventDate "2020.01.19"]
[EventCountry "TUR"]
[SourceTitle "playchess.com"]
[Source "ChessBase"]
[SourceQuality "1"]
[TimeControl "5400+30"]

1. d4 Nf6 2. Nf3 e6 3. c4 d5 4. Nc3 Bb4 5. Bg5 h6 6. Bxf6 Qxf6 7. e3 O-O 8. a3 Bxc3+ 9. bxc3 Nd7 10. Bd3 b6 11. cxd5 exd5 12. O-O Bb7 13. h3 Rfe8 14. Nh2 c5 15. Ng4 Qd6 16. Qf3 Re6 17. Bf5 Re7 18. Rfe1 h5 19. Nh2 Nf6 20. Nf1 g6 21. Bd3 c4 22. Bc2 Rae8 23. Ng3 Bc8 24. e4 dxe4 25. Nxe4 Nxe4 26. Rxe4 Bb7 27. Rxe7 Rxe7 28. Qd1 Qd5 29. f3 Re3 30. Be4 Qd7 31. Qd2 Rxe4 32. fxe4 Bxe4 33. Qf4 f5 34. Kh2 Qe7 35. a4 g5 36. Qb8+ Kh7 37. Rd1 Qf7 38. Qe5 g4 39. d5 Qg6 40. Qf4 gxh3 41. Qg3 Qf7 42. d6 Bd3 43. Qg5 hxg2 44. Qe7 Kg6 45. Qe5 Qf6 46. Qe8+ Kh6 47. Qe7 Kg6 48. Qe8+ Kh6 49. Qe3+ f4 50. Qe7 Kg6 51. Re1 Bf5 52. d7 Bxd7 53. Qxf6+ Kxf6 54. Kxg2 Bxa4 55. Kh3 Kf5 56. Re7 a5 57. Rb7 Bd1 58. Rxb6 Ke4 59. Rd6 Bg4+ 60. Kg2 Ke3 61. Rf6 a4 62. Rf7 f3+ 63. Kf1 a3 64. Re7+ Kd3 65. Ra7 Kxc3 66. Rxa3+ Kb2 67. Ra7 c3 68. Rb7+ Kc1 69. Rb6 c2 70. Kf2 Kd2 71. Rd6+ Kc3 72. Rc6+ Kb3 73. Rb6+ Ka4 74. Rc6 Bf5 75. Ke3 Kb3 76. Rb6+ Kc3 77. Rc6+ Kb2 78. Rb6+ Kc1 79. Kxf3 Kd2 80. Rd6+ Bd3 81. Rc6 c1=Q 82. Rxc1 Kxc1 83. Ke3 Bf5 84. Kf2 Kd2 85. Kg2 Ke3 86. Kg3 Bg4 87. Kg2 Kf4 88. Kf2 Bh3 89. Kg1 Kg3 90. Kh1 Bf1 91. Kg1 Bd3 0-1

[Event "TUR-ch Veterans 2020"]
[Site "Antalya-Belek"]
[Date "2020.01.25"]
[Round "9"]
[White "Ersoz, Celalettin"]
[Black "Cicek, Cemil"]
[Result "0-1"]
[ECO "D11"]
[WhiteElo "1229"]
[BlackElo "1940"]
[Annotator "NA RC"]
[PlyCount "72"]
[EventDate "2020.01.19"]
[EventCountry "TUR"]
[SourceTitle "playchess.com"]
[Source "ChessBase"]
[SourceQuality "1"]
[TimeControl "5400+30"]

1. d4 d5 (1... Nf6 2. Nf3 d6 3. e3 Bg4 4. Bc4 Nbd7 5. h3 Bh5 6. O-O d5 7. Be2 e6 8. c4 c6 9. cxd5 exd5 10. Nc3 {½-½ (10) Bhakti,K (2257)-Ivanov,M (2396) Novi Sad 2015}) 2. Nf3 Nf6 3. c4 c6 4. e3 Bg4 5. Nc3 e6 6. Be2 Nbd7 7. cxd5 exd5 8. O-O Bd6 9. h3 {[%emt 0:00:30] D11: Slav Defence: 3 Nf3 sidelines and 3...Nf6 4 e3 Bg4} Bh5 10. Nh4 Bg6 11. Nxg6 hxg6 12. a3 Rc8 $146 ({Predecessor:} 12... Qe7 13. b4 Ne4 14. Nxe4 dxe4 15. Bb2 Qg5 16. f4 Qg3 {½-½ (48) Ghersinich,G (1944)-Babic,B (1885) Sibenik 2012}) 13. b4 O-O 14. Bb2 Re8 15. Rc1 Bb8 16. Rc2 Qc7 17. g3 Rxe3 18. Bf3 Re7 19. Re1 Rce8 20. Rxe7 Rxe7 21. Re2 Qd8 22. Rxe7 Qxe7 23. Qe2 Qd8 24. Nd1 Nf8 25. Ne3 Ne6 26. Qd3 Ng5 27. Bg2 Qd7 28. h4 Nge4 29. Bc1 Qe6 30. Qf1 $17 Ne8 31. Bh3 f5 32. Ng2 Nc3 33. Be3 Nf6 34. Nf4 Bxf4 35. Bxf4 Ne2+ 36. Kh2 Nxf4 0-1